 Dungeon Crawl Stone Soup version 0.26.1-11-gd32895ea62 (console) character file.

Game seed: 10876730317945875742

8749 om the Basher (level 11, -6/95 HPs)
             Began as a Minotaur Berserker on May 25, 2021.
             Was an Elder of Trog.
             Mangled by a death yak (21 damage)
             ... on level 8 of the Dungeon.
             The game lasted 00:16:22 (9898 turns).

om the Basher (Minotaur Berserker)                  Turns: 9898, Time: 00:16:23

Health: -6/95      AC:  7    Str: 23    XL:     11   Next: 14%
Magic:  10/10      EV: 19    Int:  4    God:    Trog [****..]
Gold:   793        SH:  0    Dex: 18    Spells: 10/10 levels left

rFire    . . .     SeeInvis .   k - +1 whip (flame)
rCold    . . .     Faith    .   (no shield)
rNeg     + . .     Spirit   .   I - +2 leather armour of the Flute {rN+ Dex+6}
rPois    .         Reflect  .   (helmet restricted)
rElec    .         Harm     .   e - +0 cloak
rCorr    .         Rampage  .   (no gloves)
Will     .....                  (no boots)
Stlth    +.........             f - amulet of regeneration
HPRegen  0.65/turn              (no ring)
MPRegen  0.12/turn              (no ring)

@: berserk cooldown, slowed, very slow
A: retaliatory headbutt, horns 2
a: Renounce Religion, Berserk, Trog's Hand, Brothers in Arms


You were on level 8 of the Dungeon.
You worshipped Trog.
Trog was greatly pleased with you.
You visited 1 branch of the dungeon, and saw 9 of its levels.

You collected 793 gold pieces.

Inventory:

Hand Weapons
 a - a +0 hand axe
 k - a +1 whip of flaming (weapon)
Armour
 e - a +0 cloak (worn)
 j - a +0 scale mail
 x - a +0 tower shield
 y - a +0 chain mail
 D - the +1 leather armour "Seehuatu" {+Blink rElec Will- SInv}
   (You found it on level 7 of the Dungeon)

   It insulates you from electricity.
   It affects your willpower, your defense against some magical effects.
   It lets you see invisible.
   It lets you blink.
 I - the +2 leather armour of the Flute (worn) {rN+ Dex+6}
   (You found it on level 9 of the Dungeon)

   It affects your dexterity (+6).
   It protects you from negative energy.
 K - a +0 kite shield
 L - a +0 hat
Jewellery
 f - an amulet of regeneration (around neck)
 t - an uncursed amulet of the acrobat
Wands
 n - a wand of disintegration (8)
 o - a wand of iceblast (8)
 u - a wand of acid (4)
 B - a wand of random effects (21)
 E - a wand of polymorph (9)
Scrolls
 c - 2 scrolls of fear
 d - 2 scrolls of teleportation
 q - a scroll of blinking
 r - 3 scrolls of remove curse
 w - a scroll of enchant weapon {unknown}
 z - a scroll of fog
 A - a scroll of noise {unknown}
 C - 3 scrolls of identify
 F - a scroll of vulnerability {unknown}
 G - a scroll of holy word {unknown}
 H - a scroll of magic mapping {unknown}
Potions
 b - 5 potions of curing
 g - 3 potions of ambrosia
 h - a potion of degeneration {unknown}
 i - 2 potions of brilliance
 l - a potion of haste {unknown}
 m - a potion of heal wounds {unknown}
 p - 2 potions of berserk rage {unknown}
 s - a potion of invisibility {unknown}
 v - 2 potions of attraction {unknown}
 J - a potion of flight {unknown}


   Skills:
 + Level 8.3 Fighting
 - Level 4.9(8.5) Axes
 + Level 10.6(11.0) Maces & Flails
 + Level 9.1 Armour
 + Level 9.0 Dodging
 * Level 6.2 Shields
 - Level 5.0 Evocations


You had 10 spell levels left.
You didn't know any spells.
Your spell library was empty.

Dungeon Overview and Level Annotations

Branches:
Dungeon (9/15)             Temple (0/1) D:6            Lair (0/6) D:8
    Orc: D:9-12

Altars:
Ashenzari
Elyvilon
Kikubaaqudgha
Makhleb
Nemelex Xobeh
Okawaru
Ru
Vehumet
Wu Jian
Xom
Beogh

Annotations:
D:5 1 runed translucent door, Zeld's ghost, novice OpNe
D:7 2 transporters


Innate Abilities, Weirdness & Mutations

You reflexively headbutt those who attack you in melee.
You have a pair of horns on your head.


Message History

The death yak gores you.
You hit the death yak. You burn the death yak.
The death yak is severely wounded.
The death yak gores you!
* * * LOW HITPOINT WARNING * * *
You hit the death yak. You burn the death yak.
The death yak is severely wounded.
The death yak closely misses you.
You are confused.
You feel invigorated.
The death yak is no longer covered in acid.
The death yak gores you!!
* * * LOW HITPOINT WARNING * * *
You closely miss the death yak. You headbutt the death yak.
The death yak is almost dead.
The death yak gores you but does no damage.
You bump into the rock wall.
You feel less invigorated.
You feel less confused. The death yak misses you. The death yak gores you!!
You die...

##....#...................
#......#..##.............
#.......#....######......
##..........##......####.
###....#.####.##########
###########.#......#
#...... #..>...#
#....########.#####
#......####...## #....#
#.. #.>....YYY†...#
##.#### #.#
#......#####Y##
##..######.# #......# #@#
#..###.....# #......#
#†#####.## #.#####
####Y.## #.#.....# ##.# #
#...# #.#.#######..# #
#...# #...####....##
##..## #..##....#### #Y..#
##.#..####
#...########...##
##...##......)####### .
###...###.#####...)...#
... ###.....#
###..(..###.....


You could see a death yak.

Vanquished Creatures
  3 two-headed ogres
  6 death yaks (D:8)
  A hornet (D:7)
  Menkaure (D:5)
  Duvessa (D:4)
  2 ice beasts (D:5)
  A sky beast (D:9)
  An orc warrior (D:9)
  4 ogres
  A phantom (D:5)
  A gnoll sergeant (D:6)
  3 bullfrogs
  Dowan (D:4)
  4 wights (D:7)
  2 howler monkeys
  11 orc wizards
  6 orc priests
  A bullfrog skeleton (D:8)
  2 iguanas
  3 worker ants
  A hound skeleton (D:5)
  8 gnolls
  13 adders
  2 shadow imps
  5 white imps
  2 ufetubi (D:9)
  2 oozes
  An adder zombie (D:5)
  4 worms
  A dart slug (D:1)
  2 leopard geckos
  31 orcs
  6 bats
  5 giant cockroaches
  7 goblins
  10 hobgoblins
  10 jackals
  7 quokkas
  2 frilled lizards
  A jackal skeleton (D:5)
  7 kobolds
  A quokka skeleton (D:4)
  10 rats
193 creatures vanquished.

Vanquished Creatures (collateral kills)
  A death yak (D:8)
1 creature vanquished.

Grand Total: 194 creatures vanquished

Notes
Turn   | Place    | Note
-------+----------+-------------------------------------------
     0 | D:1      | om the Minotaur Berserker began the quest for the Orb.
     0 | D:1      | Reached XP level 1. HP: 19/19 MP: 0/0
   230 | D:1      | Reached XP level 2. HP: 27/27 MP: 1/1
  1103 | D:2      | Reached XP level 3. HP: 33/33 MP: 2/2
  1113 | D:2      | Reached ** piety under Trog
  1141 | D:2      | Found a shimmering altar of Xom.
  1187 | D:2      | Found a burning altar of Makhleb.
  1782 | D:3      | Reached XP level 4. HP: 40/40 MP: 3/3
  2116 | D:3      | Reached XP level 5. HP: 47/47 MP: 4/4
  2902 | D:4      | Found a white marble altar of Elyvilon.
  3158 | D:4      | Reached skill level 5 in Fighting
  3241 | D:4      | Noticed Duvessa
  3242 | D:4      | Noticed Dowan
  3253 | D:4      | Killed Duvessa
  3254 | D:4      | Reached XP level 6. HP: 56/56 MP: 5/5
  3257 | D:4      | Killed Dowan
  3258 | D:4      | Reached skill level 5 in Armour
  3315 | D:4      | Found a broken altar of Ashenzari.
  3439 | D:4      | Found an ancient bone altar of Kikubaaqudgha.
  3464 | D:4      | Reached skill level 5 in Dodging
  3518 | D:4      | Reached skill level 1 in Evocations
  3553 | D:4      | Reached XP level 7. HP: 46/61 MP: 6/6
  4136 | D:4      | Reached *** piety under Trog
  4225 | D:5      | Entered Level 5 of the Dungeon
  4278 | D:5      | Noticed Menkaure
  4285 | D:5      | Killed Menkaure
  4589 | D:5      | Reached skill level 5 in Evocations
  4592 | D:5      | Reached XP level 8. HP: 68/68 MP: 7/7
  4898 | D:5      | Found a runed translucent door.
  4898 | D:5      | Noticed Zeld's ghost (novice OpNe)
  5189 | D:5      | Found a sparkling altar of Nemelex Xobeh.
  5488 | D:5      | Found a sacrificial altar of Ru.
  6216 | D:6      | Found Ybredauh's Weapon Boutique.
  6264 | D:6      | Reached **** piety under Trog
  7017 | D:6      | Found a staircase to the Ecumenical Temple.
  7162 | D:7      | Noticed a hornet
  7167 | D:7      | Paralysed by a hornet for 1 turns
  7172 | D:7      | Killed a hornet
  7238 | D:7      | Reached XP level 9. HP: 74/74 MP: 8/8
  7449 | D:7      | Found an iron altar of Okawaru.
  7464 | D:7      | Got a crude leather armour
  7475 | D:7      | Identified the +1 leather armour "Seehuatu" {+Blink rElec
                  | Will- SInv} (You found it on level 7 of the Dungeon)
  7661 | D:7      | Found a radiant altar of Vehumet.
  7776 | D:7      | Found a roughly hewn altar of Beogh.
  8092 | D:7      | Found a transporter.
  8095 | D:7      | Found a transporter.
  8533 | D:8      | Noticed a death yak
  8533 | D:8      | Noticed a death yak
  8552 | D:8      | Killed a death yak
  8553 | D:8      | Reached skill level 4 in Maces & Flails
  8706 | D:8      | Noticed a death yak
  8707 | D:8      | Noticed a death yak
  8707 | D:8      | Noticed a death yak
  8770 | D:8      | Noticed a death yak
  8806 | D:9      | Found an ornate altar of the Wu Jian Council.
  8867 | D:9      | Reached skill level 5 in Maces & Flails
  8984 | D:9      | Reached skill level 6 in Maces & Flails
  8990 | D:9      | Got an ancient leather armour
  9020 | D:9      | Identified the +2 leather armour of the Flute {rN+ Dex+6}
                  | (You found it on level 9 of the Dungeon)
  9142 | D:9      | Noticed a two-headed ogre
  9146 | D:9      | Killed a two-headed ogre
  9147 | D:9      | Reached skill level 8 in Maces & Flails
  9217 | D:9      | Noticed a two-headed ogre
  9226 | D:9      | Killed a two-headed ogre
  9227 | D:9      | Reached skill level 9 in Maces & Flails
  9227 | D:9      | Reached XP level 10. HP: 86/86 MP: 9/9
  9434 | D:8      | Noticed a two-headed ogre
  9450 | D:8      | Killed a two-headed ogre
  9600 | D:8      | Found a staircase to the Lair.
  9648 | D:8      | Noticed a death yak
  9649 | D:8      | Noticed a death yak
  9662 | D:8      | Killed a death yak
  9663 | D:8      | Reached skill level 10 in Maces & Flails
  9669 | D:8      | Killed a death yak
  9867 | D:8      | Killed a death yak
  9868 | D:8      | Reached skill level 5 in Shields
  9876 | D:8      | Killed a death yak
  9879 | D:8      | Killed a death yak
  9880 | D:8      | Reached XP level 11. HP: 70/94 MP: 10/10
  9888 | D:8      | Killed a death yak
  9898 | D:8      | Mangled by a death yak

Illustrated notes

Levels and vault maps discovered:
D:1:      amcnicky_arrival_flooded_fountain, layout_loops_ring
D:2:      layout_rooms, old_standard_altar, lemuel_doored_altar,
          minmay_fractal_squares_5
D:3:      layout_loops_corners, nicolae_overflow_hidden_temple,
          kennysheep_generic_room_7
D:4:      minmay_polygon_palace, layout_loops_ring, kennysheep_mini,
          elyvilon_altar_1, nicolae_ashenzari_panopticon, uniq_duvessa
D:5:      layout_gridville, general_overflow_altar,
          nemelex_xobeh_ov_fountains_minmay, gammafunk_ghost_grave,
          dk_noncrumbling_2, chequers_serial_rivers_micro_c, uniq_menkaure
D:6:      layout_basic, temple_hall, serial_shops, nicolae_shop_waterfront
D:7:      gammafunk_beogh_shrine, layout_loops_ring, kennysheep_little_box,
          okawaru_trees_1
D:8:      layout_rooms, dpeg_lair_monsters, serial_curves, eino_curves_04,
          eino_curves_02, eino_curves_03, hangedman_decor_opposing
D:9:      layout_big_octagon, grunt_temple_overflow_diamond,
          nzn_wu_jian_contemplation

Skill      XL: |  1  2  3  4  5  6  7  8  9 10 11 |
---------------+----------------------------------+-----
Axes           | 4 |  4.9
Fighting       | 4 5 7 8 |  8.3
Armour         | 3 4 5 8 9 |  9.1
Dodging        | 3 4 5 8 9 |  9.0
Evocations     | 2 5 |  5.0
Maces & Flails | 9 10 | 10.6
Shields        | 5 6 |  6.2

Action                   |  1- 3 |  4- 6 |  7- 9 | 10-12 || total
-------------------------+-------+-------+-------+-------++-------
Melee: Hand axe          |    87 |     6 |       |       ||    93
       Headbutt          |     7 |    19 |    57 |    24 ||   107
       Whip              |       |    89 |   301 |    59 ||   449
Invok: Berserk           |     1 |     3 |    12 |     3 ||    19
       Brothers in Arms  |       |       |     1 |       ||     1
Evoke: Wand              |       |       |     3 |     6 ||     9
  Use: Scroll            |     5 |       |     6 |     1 ||    12
       Potion            |       |       |       |     1 ||     1
Armor: Animal skin       |     4 |       |       |       ||     4
       Scale mail        |    27 |    36 |    24 |       ||    87
       Chain mail        |       |       |    74 |       ||    74
       Leather armour    |       |       |       |     4 ||     4
Dodge: Dodged            |    34 |    55 |   194 |    23 ||   306
